Map: Dreamcatcher LE

Players

Nerchio - Winner!

  • Race: Zerg Zerg
  • Spawn Location: 5:00

JonSnow

  • Race: Zerg Zerg
  • Spawn Location: 11:00

Event: WCS Austin 2018

VOD

Have the link to the VOD?

Description

Time

  • Played on: June 1, 2018, 4:49 p.m.
  • Length: 6:28

All games in this series

Show
View Real Time Build Order
Export as new Build Order

Nerchio Zerg - Winner!

Build Orders: Hatch First, Zergling Baneling 

Get SALT Encoding   

  12  0:00  Drone  
  13  0:12  Overlord  
  13  0:17  Drone  
  14  0:30  Drone x2  
  16  0:48  Hatchery  
  15  0:51  Drone  
  15  0:55  Drone  
  17  0:58  Drone  
  18  1:08  Extractor  
  17  1:14  Spawning Pool  
  17  1:17  Drone  
  17  1:21  Drone  
  18  1:28  Drone  
  19  1:41  Overlord  
  19  1:49  Drone  
  20  2:00  Queen  
  23  2:01  Zergling x4  
  23  2:02  Queen  
  23  2:08  Metabolic Boost  
  26  2:13  Drone  
  26  2:15  Drone  
  28  2:22  Drone x2  
  30  2:27  Baneling Nest  
  29  2:32  Drone  
  29  2:33  Drone  
  31  2:43  Zergling x2  
  32  2:56  Overlord, Zergling x2  
  32  2:58  Queen  
  35  3:01  Zergling x2  
  35  3:06  Overlord  
  35  3:11  Baneling x4  
  35  3:14  Overlord  
  35  3:16  Zergling x2  
  34  3:20  Overlord  
  34  3:23  Zergling x2  
  34  3:32  Zergling x6  
  34  3:37  Zergling x2  
  34  3:43  Zergling x6  
  37  3:49  Baneling x3  
  37  3:56  Baneling x2  
  37  3:59  Drone x3  
  40  4:07  Drone  
  40  4:08  Drone x2  
  43  4:13  Drone x2  
  43  4:22  Zergling x4  
  45  4:26  Zergling x2  
  45  4:30  Overlord  
  46  4:34  Queen  
  44  4:45  Hatchery  
  44  4:47  Baneling x3  
  44  4:48  Baneling  
  44  4:51  Drone x2  
  45  4:53  Drone  
  45  4:58  Evolution Chamber, Drone  
  46  5:02  Drone x2  
  48  5:09  Lair  
  48  5:11  Drone x2  
  50  5:14  Drone  
  50  5:18  Extractor  
  50  5:20  Extractor  
  48  5:22  Roach Warren  
  48  5:25  Zergling x2  
  48  5:26  Zergling x2  
  48  5:30  Zergling x2  
  48  5:32  Zergling x2  
  49  5:43  Queen  
  49  5:49  Evolution Chamber  
  50  5:51  Overlord  
  50  5:54  Baneling x3  
  50  5:55  Baneling x2  
  49  5:58  Evolution Chamber  
  49  6:02  Evolution Chamber, Roach x2  
  49  6:03  Roach  
Show
View Real Time Build Order
Export as new Build Order

JonSnow Zerg 

Build Orders: Pool First 

Get SALT Encoding   

  12  0:01  Drone  
  13  0:09  Drone  
  14  0:30  Spawning Pool  
  14  0:31  Drone  
  14  0:37  Extractor  
  13  0:57  Hatchery  
  13  1:02  Drone  
  13  1:07  Drone  
  14  1:16  Overlord  
  14  1:35  Queen  
  16  1:40  Metabolic Boost  
  16  1:45  Zergling x2  
  17  1:48  Zergling x2  
  17  1:52  Zergling x2  
  19  2:09  Queen, Zergling x2  
  19  2:15  Zergling x4  
  24  2:26  Zergling x2  
  24  2:27  Zergling x2  
  26  2:30  Zergling x2  
  26  2:31  Zergling x2  
  28  2:40  Overlord  
  28  3:01  Zergling x10  
  28  3:05  Drone  
  34  3:22  Drone  
  34  3:23  Drone x2  
  30  3:38  Zergling x10  
  30  3:43  Zergling x2  
  28  3:50  Zergling x2  
  28  3:53  Drone  
  30  4:00  Drone  
  32  4:02  Drone  
  32  4:03  Drone x3  
  35  4:15  Baneling Nest  
  33  4:20  Overlord x2  
  33  4:36  Overlord  
  33  4:38  Zergling x2  
  33  4:39  Zergling x8  
  33  4:44  Drone  
  40  4:45  Drone x2  
  40  4:46  Drone  
  40  4:51  Zergling x2  
  43  5:05  Hatchery  
  42  5:08  Zergling x6  
  45  5:15  Zergling x6  
  48  5:21  Overlord  
  48  5:25  Zergling x4  
  50  5:32  Baneling x7  
  50  5:34  Zergling x2  
  51  5:40  Zergling x6  
  53  5:44  Zergling x2  
  53  5:45  Zergling x2  
  53  5:47  Baneling  
  53  5:48  Baneling x2  
  55  5:59  Zergling x8  
Tags
 
Add a new tag
Caveats
  • Supply blocks, unpowered buildings, or Contaminate may cause inaccurate times.
  • Supply counts are checked every 10 seconds.